 Dungeon Crawl Stone Soup version 0.19.0-22-gd96e5fe (webtiles) character file.

16 tv1990 the Conjurer (level 2, -1/21 HPs)
             Began as a Formicid Conjurer on Nov 18, 2016.
             Slain by a gnoll
             ... wielding a +2 halberd of venom
              (8 damage)
             ... on level 1 of the Dungeon.
             The game lasted 00:01:33 (611 turns).

tv1990 the Conjurer (Formicid Conjurer)              Turns: 611, Time: 00:01:34

Health: -1/21      AC:  5    Str: 12    XL:     2   Next: 75%
Magic:  1/5        EV: 11    Int: 14    God:
Gold:   73         SH:  0    Dex: 11    Spells: 2 memorised, 2 levels left

rFire  . . .     SeeInvis +     e - +0 spear
rCold  . . .     Gourm    .     m - +0 leather armour
rNeg   . . .     Faith    .     (no shield)
rPois  .         Spirit   .     (helmet unavailable)
rElec  .         Reflect  .     (no cloak)
rCorr  .         Harm     .     g - +1 pair of gloves
MR     .....                    (no boots)
Stlth  ++........               (no amulet)
                                (no ring)
                                (no ring)

@: lethally poisoned (-1 -> -17)
A: permanent stasis, dig shafts and tunnels, four strong arms, antennae 3
a: Dig, Shaft Self


You were on level 1 of the Dungeon.
You were not hungry.

You visited 1 branch of the dungeon, and saw 1 of its levels.

You collected 73 gold pieces.

Inventory:

Hand Weapons
 e - a +0 spear (weapon)
 o - a +1 dagger of speed
Armour
 a - a +0 robe
 g - a +1 pair of gloves (worn)
 m - a +0 leather armour (worn)
Jewellery
 p - a cursed amulet of inaccuracy {unknown}
Scrolls
 h - a scroll of magic mapping {unknown}
 j - a scroll of remove curse {unknown}
 k - a scroll of fog {unknown}
 l - 2 scrolls of identify {unknown}
 n - a scroll of enchant armour {unknown}
Books
 b - a book of Conjurations

   Spells                             Type                      Level
   a - Magic Dart                     Conjuration                  1
   b - Searing Ray                    Conjuration                  2
   c - Dazzling Spray                 Conjuration/Hexes            3
   d - Fulminant Prism                Conjuration/Hexes            4
   e - Iskenderun's Mystic Blast      Conjuration                  4
   f - Iskenderun's Battlesphere      Conjuration/Charms           5
Comestibles
 c - a bread ration
 d - 6 chunks of flesh
 i - a meat ration


   Skills:
 + Level 1.4 Fighting
 - Level 1.7 Dodging
 - Level 2.4 Stealth
 + Level 2.3 Spellcasting
 + Level 3.8 Conjurations


You had 2 spell levels left.
You knew the following spells:

 Your Spells              Type           Power        Failure   Level  Hunger
a - Magic Dart            Conj           ##..         10%         1    #......
b - Searing Ray           Conj           ##....       12%         2    ###....


Dungeon Overview and Level Annotations

Branches:
Dungeon (1/15)

Altars:


Innate Abilities, Weirdness & Mutations

You are under a permanent stasis effect.
You can dig through walls and to a lower floor.
Your four strong arms can wield two-handed weapons with a shield.
You have a pair of large antennae on your head. (SInv)


Message History

Aim: a gnoll, wielding a halberd of venom (severely wounded)
You reach to attack!
You completely miss the gnoll.
The gnoll is severely wounded.
The gnoll hits you from afar with a halberd of venom!
Ouch! That really hurt!
* * * LOW HITPOINT WARNING * * *
You are lethally poisoned!
Unknown command.
Attack whom?
Press: ? - help, Dir - move target cursor, f/p - gnoll
Aim: a gnoll, wielding a halberd of venom (severely wounded)
You reach to attack!
You closely miss the gnoll.
The gnoll is severely wounded.
* * * LOW HITPOINT WARNING * * *
You feel sick. The gnoll closely misses you.
It was a potion of haste.
Your stasis keeps you stable.
* * * LOW HITPOINT WARNING * * *
You feel sick.
The gnoll hits you from afar with a halberd of venom!
You die...

#.#......#......#
#.#...##.#.##.#.#
#.#)..##.# #.#.#
#.#...##.# #.#.#
..#...##.# #.#.#
###......#
#.#.###
###..##..#
#.....#
.........#
###..##
###..##.## #.@# #
#......# #..#
.###.#####.# #.g#
...........# #..#
.###.####### #..#
..(.......# #..#
#.##.####.# #..#
#..#.# #..#
#..#.#


You could see a gnoll.

Vanquished Creatures
  2 leopard geckos (D:1)
  2 goblins (D:1)
  2 hobgoblins (D:1)
  A bat (D:1)
  3 frilled lizards (D:1)
  2 kobolds (D:1)
  4 rats (D:1)
16 creatures vanquished.

Notes
Turn   | Place    | Note
-------+----------+-------------------------------------------
     0 | D:1      | tv1990 the Formicid Conjurer began the quest for the Orb.
     0 | D:1      | Reached XP level 1. HP: 13/13 MP: 3/3
   132 | D:1      | Reached XP level 2. HP: 20/20 MP: 0/5
   185 | D:1      | Learned a level 2 spell: Searing Ray
   222 | D:1      | Reached skill level 1 in Fighting
   611 | D:1      | Slain by a gnoll

Skill      XL: |  1  2 |
---------------+-------+-----
Fighting       | 1 |  1.4
Dodging        | |  1.7
Stealth        | |  2.4
Spellcasting   | |  2.3
Conjurations   | |  3.8

Action                   || total
-------------------------++-------
Melee: Spear             ||     5
 Cast: Magic Dart        ||    31
       Searing Ray       ||     1
  Use: Potion            ||     1
Armor: Leather armour    ||     2
Dodge: Dodged            ||     6

Vault maps used:
D:1:      sevenhm_arrival_forest_fort_small_6
